 Dungeon Crawl Stone Soup version 0.31-a0-240-gb923e448b6 (webtiles) character file.

Game seed: 464649237350437272

280 Nattfarinn the Changeling (level 6, 0/35 HPs)
             Began as a Gargoyle Shapeshifter on July 12, 2023.
             Slain by a river rat (4 damage)
             ... in a sewer.
             The game lasted 00:03:38 (2998 turns).

Nattfarinn the Changeling (Gargoyle Shapeshifter)   Turns: 2998, Time: 00:03:38

Health: 0/35       AC:  8    Str: 21    XL:     6   Next: 27%
Magic:  6/6        EV: 11    Int:  8    God:
Gold:   109        SH:  0    Dex: 10    Spells: 5/5 levels left

rFire   + .          .
                       - Unarmed
rCold   . . .        (no shield)
rNeg    + . .        i - +1 leather armour {rF+}
rPois   ∞            (helmet currently unavailable)
rElec   +            (cloak currently unavailable)
rCorr   .            (gloves currently unavailable)
SInv    .            (boots currently unavailable)
Will    +....        (no amulet)
Stlth   +            (no ring)
HPRegen 0.25/turn    (no ring)
MPRegen 0.10/turn

%: no passive effects
@: beast-form, enlightened, flying
A: beast (slay +3), sickness immunity, AC +4, negative energy resistance 1,
electricity resistance, torment resistance 1, petrification resistance
a: no special abilities


You were in a sewer.
You were a hulking beast.
You visited 1 branch of the dungeon, and saw 4 of its levels.
You also visited: Sewer.

You collected 131 gold pieces.
You spent 22 gold pieces at shops.

Inventory:

Armour
 a - a +0 animal skin
 f - a +0 pair of boots
 i - a +1 leather armour of fire resistance (worn)
Talismans
 c - a beast talisman
Wands
 q - a wand of quicksilver (12)
 t - a wand of digging (1)
Scrolls
 e - 3 scrolls of blinking
 h - a scroll of teleportation
 l - 2 scrolls of poison
 o - a scroll of immolation {unknown}
 p - a scroll of identify
 r - a scroll of enchant weapon {unknown}
 u - a scroll of fear {unknown}
 v - a scroll of enchant armour {unknown}
Potions
 b - a potion of lignification
 d - a potion of cancellation {unknown}
 g - a potion of might {unknown}
 j - a potion of haste {unknown}
 k - 2 potions of berserk rage {unknown}
 m - 5 potions of degeneration
 n - a potion of resistance {unknown}
 s - a potion of mutation {unknown}
 w - a potion of curing {unknown}
 x - 3 potions of enlightenment


   Skills:
 - Level 2.1 Fighting
 - Level 1.5 Dodging
 - Level 2.0 Unarmed Combat
 * Level 4.9 Shapeshifting


You had 5 spell levels left.
You didn't know any spells.
Your spell library was empty.

Dungeon Overview and Level Annotations

Branches:
Dungeon (4/15)              Sewer (1/1)
 Temple: D:4-7

Altars:
Kikubaaqudgha

Shops:
D:2 *


Innate Abilities, Weirdness & Mutations

You are a hulking beast.
Your limbs bulge with bestial killing power. (Slay +3)
You are immune to sickness and miasma.
Your stone body is resilient. (AC +4)
You are immune to poison.
You resist negative energy. (rN+)
You are resistant to electric shocks. (rElec)
You are resistant to unholy torment.
You are immune to petrification.


Message History

The river rat closely misses you.
You barely miss the river rat. The river rat completely misses you.
You hit the river rat.
The river rat is lightly wounded.
You barely miss the river rat.
The river rat is lightly wounded.
The river rat bites you.
You hit the river rat but do no damage.
The river rat is lightly wounded.
The river rat closely misses you.
You hit the river rat.
The river rat is heavily wounded.
The river rat barely misses you.
You closely miss the river rat.
The river rat is heavily wounded.
The river rat bites you but does no damage.
You barely miss the river rat.
The river rat is heavily wounded.
The river rat bites you.
You closely miss the river rat.
The river rat is heavily wounded.
The river rat bites you.
* * * LOW HITPOINT WARNING * * *
You hit the river rat but do no damage.
The river rat is heavily wounded.
The river rat barely misses you.
You barely miss the river rat.
The river rat is heavily wounded.
The river rat bites you.
* * * LOW HITPOINT WARNING * * *
You feel very buoyant.
You fly up into the air.
The river rat barely misses you.
You hit the river rat but do no damage.
The river rat is heavily wounded.
The river rat closely misses you.
You hit the river rat.
You punch the river rat, but do no damage.
The river rat is heavily wounded.
The river rat bites you.
You die...

≈~≈.# ~~≈~# #~≈~# #### ######
#~≈.# #... #...[# #~≈.#
#####'†#####''#####~≈~#
#∩....rh......†~~~~~~~# #.≈~#
#∩..............~.~~~.# #~≈.#
#####++#####'†#####~≈~# #~≈~#
#....# #~≈.# #~≈~# ###### #~≈~#
##~≈~#######################~≈~##
.~~.~~.~.~~~.~.~~~~~~~~~..~~~≈~≈≈
≈≈≈≈≈≈≈≈≈≈≈≈≈≈≈≈≈≈≈≈≈≈≈≈≈≈≈≈≈≈~≈≈
~.~~~~~.~~..~~~~~~~~~~.~†~~.~~~≈≈


You could see a river rat.

Vanquished Creatures
  An orc priest (D:2)
  An orc wizard (D:2)
  7 adders
  3 gnolls (D:2)
  3 river rats (Sewer)
  2 worms
  A dart slug (D:3)
  4 orcs
  9 bats
  4 endoplasms
  7 giant cockroaches
  13 goblins
  5 hobgoblins
  4 jackals (D:2)
  2 kobolds (D:1)
  5 quokkas
  10 ball pythons
  5 frilled lizards
  5 rats
91 creatures vanquished.

Notes
Turn   | Place    | Note
-------+----------+-------------------------------------------
     0 | D:1      | Nattfarinn the Gargoyle Shapeshifter began the quest for
                  | the Orb.
     0 | D:1      | Reached XP level 1. HP: 12/12 MP: 1/1
   134 | D:1      | Reached XP level 2. HP: 17/17 MP: 2/2
   148 | D:1      | Found a faded altar of an unknown god.
   354 | D:1      | Reached skill level 3 in Shapeshifting
   592 | D:1      | Reached XP level 3. HP: 20/21 MP: 3/3
   875 | D:2      | Reached XP level 4. HP: 26/26 MP: 4/4
  1146 | D:2      | Reached skill level 4 in Shapeshifting
  1389 | D:2      | Reached XP level 5. HP: 30/30 MP: 5/5
  1574 | D:2      | Found Bupeimm's General Store.
  1582 | D:2      | Bought a scroll of identify for 22 gold pieces
  2461 | D:3      | Found an ancient bone altar of Kikubaaqudgha.
  2666 | D:4      | Found a glowing drain.
  2670 | Sewer    | Entered a sewer
  2890 | Sewer    | Reached XP level 6. HP: 35/35 MP: 6/6
  2998 | Sewer    | Slain by a river rat

Illustrated notes

Levels and vault maps discovered:
D:1:      sevenhm_arrival_forest_fort_large_4, layout_loops_cross,
          shapermc_ecumenical_altar_starsandcircs, reono_crystal_passage,
          nicolae_concentric_dashed_squares_wild
D:2:      layout_loops_corners, serial_shops, nicolae_shop_tiny_real_fake_doors
D:3:      layout_loops_ring, kiku_gazebo_garden_becter
D:4:      layout_loops_ring, grunt_temple_overflow_open, gup_sewer_entry_bowl
Sewer:    sewer_fruit_machine

Skill      XL: |  1  2  3  4 |
---------------+-------------+-----
Shapeshifting  | 3 4 |  4.9
Fighting       | |  2.1
Dodging        | |  1.5
Unarmed Combat | |  2.0

Action                     |  1- 3 |  4- 6 || total
---------------------------+-------+-------++-------
  Melee: Unarmed           |    59 |   233 ||   292
         Punch             |     1 |     7 ||     8
    Use: Scroll            |       |     3 ||     3
         Potion            |       |     1 ||     1
 Armour: Animal skin       |    15 |       ||    15
         Leather armour    |     6 |   111 ||   117
  Dodge: Dodged            |    28 |   146 ||   174

Table legend: (Time is in decaauts)
 A = Elapsed time spent in this place.
 B = Non-inter-level travel time spent in this place.
 C = Inter-level travel time spent in this place.
 D = Time resting spent in this place.
 E = Time spent auto-exploring this place.
 F = Levels seen in this place.
 G = Mean time per level.
                   A        B        C        D        E       F      G
               +--------+--------+--------+--------+--------+-----+--------+
         Total |   3035 |   2915 |    120 |      0 |   2350 |   5 |  607.0 |
       Dungeon |   2668 |   2548 |    120 |      0 |   2104 |   4 |  667.0 |
         Sewer |    367 |    367 |      0 |      0 |    246 |   1 |  367.0 |
               +--------+--------+--------+--------+--------+-----+--------+

Top non-repeatable levels by time:
     D:2: 1108 daAuts
     D:1: 777 daAuts
     D:3: 714 daAuts
   Sewer: 367 daAuts
     D:4: 68 daAuts
